 Dungeon Crawl Stone Soup version 0.25.0-9-g26727b657a (webtiles) character file.

Game seed: 15252215920635771090

779 Esekla the Slasher (level 7, 0/46 HPs)
             Began as an Octopode Skald on June 19, 2020.
             Killed from afar by Ijyb (13 damage)
             ... with a bolt of acid
             ... on level 4 of the Dungeon.
             The game lasted 00:34:09 (5702 turns).

Esekla the Slasher (Octopode Skald)                 Turns: 5702, Time: 00:34:10

Health: 0/46       AC:  5    Str: 11    XL:     7   Next: 85%
Magic:  10/12      EV: 15    Int: 15    God:
Gold:   240        SH:  0    Dex: 13    Spells: 2/13 levels left

rFire    . . .     SeeInvis .   a - +0 falchion
rCold    . . .     Gourm    .   (no shield)
rNeg     . . .     Faith    .   (helmet restricted)
rPois    .         Spirit   .   (no amulet)
rElec    .         Reflect  .   p - +4 ring of protection
rCorr    .         Harm     .   (no ring)
MR       .....                  (no ring)
Stlth    +++.......             (no ring)
HPRegen  0.15/turn              (no ring)
MPRegen  0.13/turn              (no ring)
                                (no ring)
                                (no ring)

@: singing
A: almost no armour, stealthy swim, amphibious, 8 rings, constrict 8, tentacle
spike 2, camouflage 1, gelatinous body 1
a: no special abilities


You were on level 4 of the Dungeon.
You were hungry.

You visited 1 branch of the dungeon, and saw 5 of its levels.

You collected 240 gold pieces.

Inventory:

Hand Weapons
 a - a +0 falchion (weapon)
 o - a +0 trident
 v - a +1 dagger of venom
Missiles
 h - 8 boomerangs (quivered)
Armour
 y - a +0 buckler
Jewellery
 i - an uncursed ring of ice
 p - a +4 ring of protection (left tentacle)
Wands
 j - a wand of iceblast (9)
 l - a wand of paralysis (11)
 u - a wand of acid (11)
Scrolls
 b - a scroll of enchant armour {unknown}
 d - 2 scrolls of amnesia {unknown}
 e - 3 scrolls of teleportation
 f - a scroll of identify
 g - 2 scrolls of remove curse
 m - a scroll of random uselessness {unknown}
 r - a scroll of fog {unknown}
 s - a scroll of immolation {unknown}
 x - a scroll of enchant weapon {unknown}
Potions
 k - 5 potions of flight
 n - a potion of berserk rage
 q - 2 potions of stabbing {unknown}
 t - a potion of mutation
 w - a potion of might {unknown}
Comestibles
 c - 6 rations


   Skills:
 + Level 3.0 Fighting
 + Level 0.1(3.1) Short Blades
 + Level 5.1 Long Blades
 + Level 4.2 Dodging
 - Level 2.1 Stealth
 * Level 3.6 Spellcasting
 * Level 1.0 Conjurations
 + Level 3.1 Charms
 + Level 2.2 Translocations
 * Level 1.1 Ice Magic
 * Level 0.9 Air Magic
 * Level 1.2 Poison Magic


You had 2 spell levels left.
You knew the following spells:

 Your Spells              Type           Power        Failure   Level  Hunger
a - Ozocubu's Armour      Chrm/Ice       #.......     24%         3    ###....
b - Infusion              Chrm           ##..         5%          1    None
c - Mephitic Cloud        Conj/Pois/Air  #.......     36%         3    ###....
g - Shroud of Golubria    Chrm/Tloc      ##....       10%         2    ##.....
s - Song of Slaying       Chrm           ##......     8%          2    ##.....

Your spell library contained the following spells:

 Spells                   Type           Power        Failure   Level  Hunger
 Blink                    Tloc           N/A          12%         2    ##.....
 Magic Dart               Conj           #...         13%         1    None
 Call Imp                 Summ           #.......     28%         2    ##.....
 Slow                     Hex            #.......     28%         2    ##.....
 Spectral Weapon          Hex/Chrm       #.......     30%         3    ###....
 Conjure Flame            Conj/Fire      #.......     43%         3    ###....


Dungeon Overview and Level Annotations

Branches:
Dungeon (5/15)
 Temple: D:4-7

Altars:
Ashenzari
Cheibriados
Dithmenos
Hepliaklqana
Makhleb
Nemelex Xobeh
Ru
Uskayaw
Wu Jian
Zin
The Shining One

Annotations:
D:3 3 runed translucent doors, Raspi's ghost, amateur FoFi
D:4 Dowan; Duvessa; Ijyb


Innate Abilities, Weirdness & Mutations

You cannot wear most types of armour.
You are very stealthy in the water. (Stealth+)
You are amphibious.
You can wear up to eight rings at the same time.
You can use your tentacles to constrict eight enemies at once.
Your skin changes colour to match your surroundings (Stealth+).
Your rubbery body absorbs attacks. (AC +1, EV +1)
One of your tentacles bears a nasty spike.


Message History

Ijyb is moderately wounded.
You constrict Ijyb, but do no damage. The quokka completely misses you.
You riposte.
You closely miss the quokka. Your grab misses the quokka.
You pierce the quokka.
The quokka is severely wounded.
Ijyb closely misses you.
Casting: Ozocubu's Armour (quite dangerous; 24% risk of failure)
Confirm with . or Enter, or press ? or * to list all spells.
You start singing a song of slaying.
You constrict Ijyb, but do no damage.
You hear a shout!
A gnoll comes into view. It is wielding a +0 spear.
The quokka misses you. Ijyb hits you with a +0 club. The gnoll misses you.
You closely miss the quokka. Your grab misses the quokka.
Your tentacle spike misses the quokka.
The quokka is severely wounded.
You constrict Ijyb, but do no damage. The quokka bites you.
* * * LOW HITPOINT WARNING * * *
Ijyb screams, "I no like you!"
Ijyb zaps a wand.
The bolt of acid hits you!
You die...

.#.#.#######...#########.........
.....# #...# #.#####... .#..##
#...# #.# #### ....# #...# #.#
#### ...## #!..# #.#####... ####
###...#########.......#. ..
........#.......#####... #.#
#.......#.#####.# #### ..
..?...g@........# ..
#......r#.##..#.## ##.
#......g#........# ..
..##.............# .##.# #
#.#.##..##.#..# >...# #.#g
#..##.#..# ..#####$ . ..
#........# .ee. .. ## ##
##..)....# .##.#.# ##.#.##.#


You could see Ijyb (very poisoned), 2 gnolls and a quokka.

Vanquished Creatures
  An ogre (D:5)
  3 phantoms (D:4)
  2 crimson imps (D:5)
  An orc priest (D:3)
  3 worker ants (D:4)
  3 orc wizards
  6 adders
  An ooze (D:5)
  An adder skeleton (D:4)
  2 worms
  4 dart slugs
  4 leopard geckos
  13 orcs
  A ball python (D:2)
  7 bats
  5 giant cockroaches
  9 hobgoblins
  7 jackals
  3 quokkas
  4 frilled lizards
  9 goblins
  2 kobolds (D:1)
  A leopard gecko zombie (D:3)
  9 rats
101 creatures vanquished.

Notes
Turn   | Place    | Note
-------+----------+-------------------------------------------
     0 | D:1      | Esekla the Octopode Skald began the quest for the Orb.
     0 | D:1      | Reached XP level 1. HP: 14/14 MP: 3/3
   364 | D:1      | Reached XP level 2. HP: 19/19 MP: 5/5
   368 | D:1      | Learned a level 2 spell: Shroud of Golubria
   371 | D:1      | Learned a level 2 spell: Song of Slaying
   509 | D:1      | Reached XP level 3. HP: 8/24 MP: 6/6
  1768 | D:2      | Reached skill level 3 in Long Blades
  2039 | D:2      | Reached XP level 4. HP: 29/30 MP: 2/7
  2461 | D:2      | Reached skill level 1 in Stealth
  2649 | D:4      | Reached XP level 5. HP: 33/35 MP: 2/8
  2725 | D:4      | Noticed Ijyb
  2759 | D:4      | Noticed a phantom
  3013 | D:3      | Reached skill level 1 in Translocations
  3021 | D:3      | Reached skill level 4 in Long Blades
  3314 | D:3      | Noticed an ogre
  3402 | D:3      | Found a runed translucent gate.
  3402 | D:3      | Noticed Raspi's ghost (amateur FoFi)
  3403 | D:3      | Found a runed translucent gate.
  3404 | D:3      | Reached XP level 6. HP: 41/41 MP: 9/9
  3405 | D:3      | Found a runed translucent gate.
  3613 | D:4      | Found a sparkling altar of Nemelex Xobeh.
  3615 | D:4      | Found a snail-covered altar of Cheibriados.
  3621 | D:4      | Found a burning altar of Makhleb.
  3622 | D:4      | Found a hazy altar of Hepliaklqana.
  3623 | D:4      | Found a glowing silver altar of Zin.
  3623 | D:4      | Found a glowing golden altar of the Shining One.
  3623 | D:4      | Found a shattered altar of Ashenzari.
  3623 | D:4      | Found an ornate altar of the Wu Jian Council.
  3625 | D:4      | Found a hide-covered altar of Uskayaw.
  3626 | D:4      | Found a shadowy altar of Dithmenos.
  3627 | D:4      | Found a sacrificial altar of Ru.
  3695 | D:4      | Noticed a phantom
  3726 | D:4      | Killed a phantom
  4010 | D:4      | Noticed a phantom
  4065 | D:4      | Learned a level 3 spell: Ozocubu's Armour
  4210 | D:4      | Killed a phantom
  4210 | D:4      | Reached XP level 7. HP: 45/45 MP: 11/11
  4385 | D:4      | Noticed Duvessa
  4388 | D:4      | Noticed Dowan
  4399 | D:4      | Learned a level 3 spell: Mephitic Cloud
  4503 | D:5      | Entered Level 5 of the Dungeon
  4863 | D:5      | Reached skill level 5 in Long Blades
  5496 | D:5      | Gained mutation: One of your tentacles bears a spike.
                  | [potion of mutation]
  5496 | D:5      | Gained mutation: One of your tentacles bears a nasty spike.
                  | [potion of mutation]
  5601 | D:4      | Reached skill level 1 in Conjurations
  5601 | D:4      | Reached skill level 1 in Ice Magic
  5601 | D:4      | Reached skill level 1 in Poison Magic
  5702 | D:4      | Killed from afar by Ijyb

Illustrated notes

Levels and vault maps discovered:
D:1:      matt_arrival_debris, layout_basic
D:2:      layout_loops_corners, first_ration, kennysheep_cluttered_room
D:3:      minmay_inner_zag, layout_rooms, ebering_ghost_rock_garden
D:4:      layout_loops_cross, minitemple, uniq_ijyb, uniq_duvessa
D:5:      layout_loops_ring

Skill      XL: |  1  2  3  4  5  6  7 |
---------------+----------------------+-----
Dodging        | 3 4 |  4.2
Long Blades    | 3 4 5 |  5.1
Stealth        | 1 2 |  2.1
Translocations | 1 2 |  2.2
Spellcasting   | 3 |  3.6
Fighting       | 3 |  3.0
Conjurations   | 1 |  1.0
Ice Magic      | 1 |  1.1
Poison Magic   | 1 |  1.2
Short Blades   | |  0.1
Charms         | |  3.1
Air Magic      | |  0.9

Action                   |  1- 3 |  4- 6 |  7- 9 || total
-------------------------+-------+-------+-------++-------
Melee: Falchion          |    80 |   107 |    51 ||   238
       Tentacles         |    12 |    26 |    16 ||    54
       Constrict         |    23 |    32 |     9 ||    64
       Short sword       |       |     4 |     4 ||     8
       Dagger            |       |       |     9 ||     9
       Kick              |       |       |     4 ||     4
Throw: Boomerang         |       |    21 |    42 ||    63
 Cast: Shroud of Golubri |     4 |    14 |     6 ||    24
       Song of Slaying   |     1 |     2 |     2 ||     5
       Infusion          |     1 |       |       ||     1
       Ozocubu's Armour  |       |       |     1 ||     1
  Use: Scroll            |     1 |     4 |     1 ||     6
       Potion            |       |       |     1 ||     1
 Stab: Sleeping          |     4 |     6 |     2 ||    12
       Distracted        |       |       |     1 ||     1
  Eat: Chunk             |     4 |     8 |     5 ||    17
Armor: Skin              |    10 |    21 |     8 ||    39
Dodge: Dodged            |    63 |    86 |    35 ||   184
       Rpst.: Falchion   |    24 |    29 |     6 ||    59
